 Dungeon Crawl Stone Soup version 0.29.1-14-g9c671dbff4 (webtiles) character file.

Game seed: 8493642192259609002

30 Heoruswealwe the Trooper (level 3, 33/33 HPs)
             Began as a Minotaur Fighter on Feb 16, 2023.
             Was a Follower of Qazlal.
             Quit the game on level 1 of the Dungeon.
             The game lasted 00:07:50 (654 turns).

Heoruswealwe the Trooper (Minotaur Fighter)          Turns: 654, Time: 00:07:51

Health: 33/33      AC:  7    Str: 19 (22) XL:     3   Next: 5%
Magic:  2/2        EV:  9    Int:  3 (5)  God:    Qazlal [*.....]
Gold:   56         SH:  6    Dex:  7 (9)  Spells: 2/2 levels left

rFire   . . .      SeeInvis .   a - +0 war axe
rCold   . . .      Faith    .   c - +1 buckler
rNeg    . . .      Spirit   .   b - +0 scale mail
rPois   .          Reflect  .   (helmet restricted)
rElec   .          Harm     .   (no cloak)
rCorr   .          Rampage  .   (no gloves)
Will    .....                   (no boots)
Stlth   ..........              (no amulet)
HPRegen 0.11/turn               (no ring)
MPRegen 0.08/turn               (no ring)

@: brilliant, attractive
A: horns 2, retaliatory headbutt
a: Renounce Religion


You were on level 1 of the Dungeon.
You worshipped Qazlal.
Qazlal was aware of your devotion.
You visited 1 branch of the dungeon, and saw 1 of its levels.

You collected 56 gold pieces.

Inventory:

Hand Weapons
 a - a +0 war axe (weapon)
 e - a +0 club
 g - a +0 whip
 r - a +0 short sword
 u - a +0 short sword
Missiles
 h - 9 stones (quivered)
Armour
 b - a +0 scale mail (worn)
 c - a +1 buckler (worn)
 n - a +0 hat
 p - a +0 pair of boots
 t - a +0 barding
Jewellery
 s - a ring of protection from fire
Scrolls
 k - a scroll of teleportation
Potions
 d - a potion of might
 i - a potion of curing


   Skills:
 * Level 4.1 Fighting
 * Level 2.8 Axes
 * Level 3.9 Armour
 * Level 4.0 Shields
 + Level 0.5 Invocations
 + Level 0.3 Evocations


You had 2 spell levels left.
You didn't know any spells.
Your spell library was empty.

Dungeon Overview and Level Annotations

Branches:
Dungeon (1/15)

Altars:
Qazlal


Innate Abilities, Weirdness & Mutations

You have a pair of horns on your head.
You reflexively headbutt those who attack you in melee.


Message History

There is a stone staircase leading down here.
As you open the door, it creaks loudly!
Found a faded altar of an unknown god.
There is an open door here.
There is a faded altar of an unknown god here.
You cannot tell which god this altar belongs to.
Convert to them anyway?
Qazlal accepts your prayer! Qazlal welcomes you!
Qazlal grants you and your divine allies immunity to clouds.
You are now surrounded by a storm.
There is an open door here.
Done exploring.
Done exploring.
Done exploring.
Done exploring.
Done exploring.
Search for what [? for help]? .
As you read the scroll labelled KAL AHOBBOCI, it crumbles to dust.
You feel momentarily disoriented.
It was a scroll of magic mapping.
As you read the scroll labelled JAGOYDGH YBETS, it crumbles to dust.
You assume a fearsome visage.
Nothing appears to happen.
It was a scroll of fear.
As you read the scroll labelled AKUFIM TIAQEVA, it crumbles to dust.
You feel strangely unstable.
It was a scroll of teleportation.
Your surroundings suddenly seem different.
As you read the scroll labelled TEKAFFO CISIRRU, it crumbles to dust.
It is a scroll of identify.
i - a potion of curing
As you read the scroll labelled REOCKAS VEOFIA, it crumbles to dust.
It is a scroll of enchant armour.
Your +0 buckler glows green for a moment.
Okay, then.
It was a potion of attraction.
You feel attractive to monsters.
It was a potion of degeneration.
There was something very wrong with that liquid.
You feel weakened.
You feel dopey.
You feel clumsy.
It was a potion of brilliance.
You feel clever all of a sudden.
Are you sure you want to abandon this character and quit the game? (Confirm with "yes".)

#####.##.÷....# #.#.#
#.#
..............###.#.#
#.#
.##.............#.#.#
#.#
.##.....#########...#
#.####
........†..........##
#....#
.#######.....#####.#
####.#
......##...#..#....#
#..#
#####.##...##......#
#..####
#.....##...####.@.##
#...... #.....##...#
#...# #.#####
......###### ##>##
#.# ......# #.# #.#
...†..# #.# #.#
†##.### #.# #.# .##.#
#.# #.##### .##.###
#.# #.#.... ......#
########.# #.#.###


There were no monsters in sight!

Vanquished Creatures
  5 bats (D:1)
  2 endoplasms (D:1)
  2 giant cockroaches (D:1)
  A goblin (D:1)
  4 hobgoblins (D:1)
  A quokka (D:1)
  6 ball pythons (D:1)
  A frilled lizard (D:1)
  3 kobolds (D:1)
  4 rats (D:1)
29 creatures vanquished.

Notes
Turn   | Place    | Note
-------+----------+-------------------------------------------
     0 | D:1      | Heoruswealwe the Minotaur Fighter began the quest for the
                  | Orb.
     0 | D:1      | Reached XP level 1. HP: 19/19 MP: 0/0
    56 | D:1      | Reached XP level 2. HP: 25/27 MP: 1/1
   438 | D:1      | Reached XP level 3. HP: 33/33 MP: 2/2
   591 | D:1      | Found a faded altar of an unknown god.
   595 | D:1      | Prayed at the altar of an unknown god.
   595 | D:1      | Became a worshipper of Qazlal Stormbringer
   595 | D:1      | Reached * piety under Qazlal
   654 | D:1      | Quit the game

Illustrated notes

Levels and vault maps discovered:
D:1:      lightli_arrival_noodles, layout_basic,
          shapermc_ecumenical_altar_mp_vishouse, hangedman_glass_teeth

Skill      XL: |  1  2  3 |
---------------+----------+-----
Fighting       | 4 |  4.1
Shields        | 4 |  4.0
Axes           | |  2.8
Armour         | |  3.9
Invocations    | |  0.5
Evocations     | |  0.3

Action                   || total
-------------------------++-------
Melee: War axe           ||    53
       Headbutt          ||     7
  Use: Scroll            ||     5
       Potion            ||     3
Armor: Scale mail        ||    17
Dodge: Dodged            ||    16
Block: Buckler           ||    10
